 Dungeon Crawl Stone Soup version 0.19-a0-57-g300684c (webtiles) character file.

53 tyvek the Shield-Bearer (level 3, -16/33 HPs)
             Began as a Deep Dwarf Fighter on May 8, 2016.
             Demolished by an ogre
             ... wielding a +0 giant club
              (26 damage)
             ... on level 3 of the Dungeon.
             The game lasted 00:02:19 (1262 turns).

tyvek the Shield-Bearer (Deep Dwarf Fighter)        Turns: 1262, Time: 00:02:20

Health: -16/33     AC:  6    Str: 20    XL:     3   Next: 62%
Magic:  3/3        EV:  7    Int:  8    God:
Gold:   50         SH:  9    Dex: 12    Spells: 0 memorised, 2 levels left

rFire  . . .     SeeInvis .     a - +0 war axe
rCold  . . .     Gourm    .     b - +0 scale mail
rNeg   . . .     Faith    .     c - +0 shield
rPois  .         Spirit   .     (no helmet)
rElec  .         Dismiss  .     (no cloak)
rCorr  .         Reflect  .     (no gloves)
SustAt +         Harm     .     (no boots)
MR     .....                    (no amulet)
Stlth  ..........               (no ring)
                                r - ring of sustain attributes

@: non-regenerating, not resistant to hostile enchantments, extremely unstealthy
A: damage resistance, recharge devices, sense surroundings 1, slow regeneration
3
a: Device Recharging


You were on level 3 of the Dungeon.
You were not hungry.

You visited 1 branch of the dungeon, and saw 3 of its levels.

You collected 50 gold pieces.

Inventory:

Hand Weapons
 a - a +0 war axe (weapon)
Armour
 b - a +0 scale mail (worn)
 c - a +0 shield (worn)
Jewellery
 r - a ring of sustain attributes (left hand)
   (You found it on level 3 of the Dungeon)
Wands
 e - a wand of heal wounds (5/9)
Scrolls
 h - 2 scrolls of recharging {unknown}
 k - a scroll of immolation {unknown}
 p - a scroll of identify {unknown}
 q - 2 scrolls of teleportation {unknown}
 s - a scroll of fog {unknown}
Potions
 d - a potion of might
 g - a potion of flight {unknown}
 i - a potion of curing {unknown}
 j - a potion of brilliance {unknown}
 m - a potion of mutation {unknown}
 n - a potion of haste {unknown}
 o - 2 potions of degeneration {unknown}
Comestibles
 f - a bread ration {@e1}
 l - 9 chunks of flesh {@w0}


   Skills:
 + Level 2.9 Fighting
 * Level 3.5 Axes
 + Level 3.5 Armour
 + Level 3.8 Shields


You had 2 spell levels left.
You didn't know any spells.

Dungeon Overview and Level Annotations

Branches:
Dungeon (2/15)

Altars:
Fedhas
Qazlal


Innate Abilities, Weirdness & Mutations

You are resistant to damage.
You can recharge devices by infusing magical energy.
You passively map a small area around you.
You do not regenerate naturally.


Message History

The hobgoblin shouts!
The jackal barks! x3
You block the jackal's attack.
You closely miss the jackal.
The jackal bites you but does no damage. x2
You completely miss the jackal. You closely miss the jackal.
You hit the jackal. The jackal closely misses you. The jackal bites you.
The jackal barely misses you.
You hit the hobgoblin.
You kill the hobgoblin!
You barely miss the jackal. x2; You hit the jackal.
The jackal barely misses you.
The jackal bites you but does no damage. x2
You block the jackal's attack.
The jackal bites you but does no damage. x2
You block the jackal's attack.
You barely miss the jackal. You closely miss the jackal. x2
Your shield and scale mail prevent you from hitting the jackal.
The jackal bites you but does no damage.
You block the jackal's attack. The jackal barely misses you. x2
The jackal bites you but does no damage.
You block the jackal's attack.
The jackal bites you but does no damage.
The jackal bites you.
You barely miss the jackal. You slash the jackal!
You kill the jackal!
You barely miss the jackal. You hit the jackal.
You kill the jackal!
The jackal completely misses you.
The jackal bites you but does no damage.
You block the jackal's attack. The jackal bites you.
You slash the jackal!
You kill the jackal!
You hit the jackal. The jackal closely misses you.
The jackal barely misses you.
The jackal bites you but does no damage.
You block the jackal's attack.
Things that are here:
a club; a jackal corpse The jackal bites you but does no damage.
You see here a jackal corpse.
You closely miss the jackal. You block the jackal's attack.
The jackal misses you.
You hit the jackal but do no damage. The jackal barely misses you.
You block the jackal's attack.
You barely miss the jackal.
The jackal bites you but does no damage.
The jackal closely misses you.
You barely miss the jackal. The jackal closely misses you.
The jackal bites you.
You closely miss the jackal. You block the jackal's attack.
The jackal barely misses you.
You closely miss the jackal. You block the jackal's attack.
The jackal closely misses you.
You closely miss the jackal. You block the jackal's attack.
The jackal closely misses you.
Your shield and scale mail prevent you from hitting the jackal.
The jackal bites you but does no damage.
You block the jackal's attack.
You closely miss the jackal. The jackal closely misses you.
You block the jackal's attack.
Some of the chunks of flesh in your inventory have rotted away.
You hit the jackal.
You kill the jackal!
You see here a jackal corpse.
You butcher the jackal corpse.
l - 7 chunks of flesh {@w0} (gained 2)
You see here a jackal corpse.
You butcher the jackal corpse.
l - 9 chunks of flesh {@w0} (gained 2)
Things that are here:
a club; a jackal corpse You butcher the jackal corpse.
l - 11 chunks of flesh {@w0} (gained 2)
You see here a club.
You see here a jackal corpse.
You butcher the jackal corpse.
l - 12 chunks of flesh {@w0} (gained 1)
You see here a jackal skeleton.
Found a stone staircase leading up.
Found a stone staircase leading down.
There is a stone staircase leading down here.
Found a stone staircase leading up.
You see here 15 bolts.
Some of the chunks of flesh in your inventory have rotted away.
You open the door.
There is an open door here.
You open the door.
There is an open door here.
Some of the chunks of flesh in your inventory have rotted away.
An ogre comes into view. It is wielding a giant club.
An ogre is nearby!
An ogre is nearby!
The ogre barely misses you.
You barely miss the ogre. The ogre barely misses you.
You hit the ogre. You block the ogre's attack.
You closely miss the ogre. The ogre hits you with a giant club!
You take 5 damage, and have 10/33 hp.
You hit the ogre. The ogre hits you with a giant club!!
Ouch! That really hurt!
You die...

#.# ##### #.#
######...#### #.# ,,
, .........+..# #.# *
*#######...##.###.# ,
#.....'...'....#..
,#.#####...##.###..
#.# #......#..... , *
, #@# #.#..........
,#O# #.#..<....... *
..., ..#....#.#... ,
, ........#..........
,, * **
.........#.#......#.
*
##.......*#.#.#......
,
.........(..........
###......##.#...##..#
#........


You could see an ogre.

Vanquished Creatures
  An adder (D:3)
  A worm (D:3)
  A dart slug (D:3)
  2 giant cockroaches
  5 goblins
  3 hobgoblins
  7 jackals
  4 kobolds
  A ball python (D:3)
  2 bats (D:1)
  2 giant newts
  7 rats
36 creatures vanquished.

Notes
Turn   | Place    | Note
--------------------------------------------------------------
     0 | D:1      | tyvek the Deep Dwarf Fighter began the quest for the Orb.
     0 | D:1      | Reached XP level 1. HP: 20/20 MP: 1/1
   293 | D:1      | Reached XP level 2. HP: 24/27 MP: 2/2
   920 | D:2      | Reached skill level 3 in Axes
   942 | D:2      | You fall through a shaft!
   988 | D:3      | Reached XP level 3. HP: 17/33 MP: 3/3
  1022 | D:3      | Found a blossoming altar of Fedhas.
  1027 | D:3      | Found a stormy altar of Qazlal.
  1257 | D:3      | Noticed an ogre
  1262 | D:3      | Demolished by an ogre

Vault maps used:
D:1:      matt_arrival_spirals
D:2:      kennysheep_generic_room_8
D:3:      grunt_temple_overflow_forces_of_nature, nicolae_overflow_hidden_temple

Skill      XL: |  1  2 |
---------------+-------+-----
Axes           | 3 |  3.5
Fighting       | |  2.9
Armour         | |  3.5
Shields        | |  3.8

Action                   || total
-------------------------++-------
Melee: War axe           ||   100
  Eat: Chunk             ||     1
Armor: Scale mail        ||    40
Dodge: Dodged            ||    45
Block: Shield            ||    54

Vault maps used:
D:1:      matt_arrival_spirals
D:2:      kennysheep_generic_room_8
D:3:      grunt_temple_overflow_forces_of_nature, nicolae_overflow_hidden_temple

Table legend:
 A = Turns spent in this place as a percentage of turns spent in the entire game.
 B = Non-inter-level travel turns spent in this place as a percentage of non-inter-level travel turns spent in the entire game.
 C = Inter-level travel turns spent in this place as a percentage of turns spent in this place.
 D = Turns resting spent in this place as a percentage of non-inter-level travel turns spent in this place.
 E = Turns spent auto-exploring this place as a percentage of non-inter-level travel turns spent in this place.
 F = Non-inter-level travel turns spent in this place divided by the number of levels of this place that you've seen.
                   A       B       C       D       E      F
               +-------+-------+-------+-------+-------+----------------------
         Total | 100.0 | 100.0 |   0.2 |   0.0 |  13.4 | 139.7
       Dungeon | 100.0 | 100.0 |   0.2 |   0.0 |  13.4 | 139.7
               +-------+-------+-------+-------+-------+----------------------

Table legend:
 A = Kills in this place as a percentage of kills in entire the game.
 B = Kills by you in this place as a percentage of kills by you in the entire game.
 C = Kills by friends in this place as a percentage of kills by friends in the entire game.
 D = Other kills in this place as a percentage of other kills in the entire game.
 E = Experience gained in this place as a percentage of experience gained in the entire game.
 F = Experience gained in this place divided by the number of levels of this place that you have seen.
                   A       B       C       D       E      F
               +-------+-------+-------+-------+-------+----------------------
         Total | 100.0 | 100.0 |  -nan |  -nan | 100.0 |  25.3
       Dungeon | 100.0 | 100.0 |  -nan |  -nan | 100.0 |  25.3
               +-------+-------+-------+-------+-------+----------------------
